Get step-by-step instructions on how to execute this build order below. Start the game timer, and the build order will tick by so you can play in parallel with StarCraft on a second screen or mobile device.

Game Time

  0:00

Last Step

  N/A

Next Step

Upcoming Step



Don't want to look back and forth between 2 screens? Try out our Overwolf App, the Spawning Tool Build Advisor to get an in-game overlay with this build!

Complete Build Order

  12  0:00  SCV  
  13  0:12  SCV  
  14  0:16  Supply Depot  
  14  0:24  SCV  
  15  0:38  SCV  
  15  0:40  Barracks  
  16  0:43  Refinery  
  16  0:50  SCV  
  16  0:52  Refinery  
  17  1:02  SCV  
  18  1:14  SCV  
  19  1:26  Reaper  
  19  1:27  Orbital Command  
  20  1:33  Supply Depot  
  20  1:40  Factory  
  20  1:52  SCV  
  21  1:58  Reaper  
  22  2:04  SCV  
  23  2:16  SCV  
  23  2:17  Command Center  
  24  2:25  Cyclone  
  24  2:28  SCV  
  27  2:31  Barracks Reactor  
  27  2:37  Supply Depot  
  27  2:41  SCV  
  28  2:51  Starport  
  28  2:53  SCV  
  28  2:57  Factory Tech Lab  
  29  3:05  SCV  
  30  3:06  Marine  
  30  3:07  Marine  
  32  3:12  Refinery  
  32  3:17  SCV  
  33  3:24  Marine x2  
  33  3:26  Siege Tank  
  38  3:29  SCV  
  39  3:37  Starport Tech Lab, Orbital Command  
  39  3:43  SCV  
  39  3:45  Marine x2  
  42  3:54  Supply Depot  
  42  3:55  SCV  
  42  3:59  Raven  
  45  4:03  SCV  
  45  4:08  SCV  
  47  4:12  Siege Tank  
  47  4:15  SCV  
  51  4:17  Marine  
  51  4:20  Marine, SCV  
  51  4:24  Supply Depot  
  54  4:31  SCV  
  54  4:32  SCV  
  54  4:34  Raven, Interference Matrix  
  58  4:42  Supply Depot  
  58  4:43  SCV  
  58  4:44  SCV  
  60  4:46  Siege Tank  
  63  4:55  Supply Depot  
  63  4:59  Supply Depot  
  63  5:04  SCV x2, Marine x2  
  63  5:05  Supply Depot  
  67  5:08  Raven  
  69  5:16  SCV  
  69  5:17  SCV  
  69  5:19  Siege Tank  
  74  5:21  Marine x2  
  74  5:28  SCV  
  77  5:29  SCV  
  78  5:39  Marine x2  
  78  5:40  SCV  
  78  5:41  SCV  
  80  5:52  Siege Tank, SCV  
  80  5:53  Command Center, SCV  
  85  6:04  SCV  
  85  6:05  SCV  
  85  6:09  Starport Reactor  
  87  6:12  Barracks  
  87  6:13  Barracks  
  87  6:16  SCV, Marine  
  87  6:17  SCV  
  89  6:24  Siege Tank  
  91  6:28  SCV  
  91  6:29  SCV  
  91  6:31  Refinery  
  93  6:34  Marine  
  93  6:35  Command Center  
  94  6:44  SCV  
  94  6:45  SCV  
  94  6:52  Marine  
  89  6:55  Viking x2  
  89  6:56  SCV  
  94  7:04  Supply Depot  
  94  7:06  Supply Depot  
  94  7:07  Supply Depot  
  94  7:25  Supply Depot  
  94  7:26  SCV x2, Marine  
  94  7:27  Barracks Reactor  
  94  7:29  Barracks  
  104  7:30  Barracks